Map: Acid Plant LE

Players

SpeCial - Winner!

  • Race: Terran Terran
  • League: Master
  • Spawn Location: 11:00

Leenock

  • Race: Zerg Zerg
  • League: Grandmaster
  • Spawn Location: 5:00

Event: Memes & Dreams Invitational

VOD

Have the link to the VOD?

Description

Time

  • Played on: April 14, 2018, 4:02 a.m.
  • Length: 15:31

All games in this series

Show
View Real Time Build Order
Export as new Build Order

SpeCial Terran - Winner!

Build Orders: Liberator Opening, Reaper Expand, Bio Tank 

Get SALT Encoding   

  12  0:00  SCV  
  13  0:12  SCV  
  14  0:17  Supply Depot  
  14  0:25  SCV  
  15  0:38  SCV  
  15  0:41  Barracks  
  16  0:44  Refinery  
  16  0:50  SCV  
  17  1:02  SCV  
  18  1:15  SCV  
  19  1:28  Reaper  
  19  1:29  Orbital Command  
  20  1:39  Command Center  
  20  1:48  Supply Depot  
  20  1:55  SCV  
  20  2:00  Marine  
  22  2:04  Factory  
  22  2:07  SCV  
  23  2:14  Refinery  
  23  2:19  SCV  
  23  2:22  Barracks Reactor  
  24  2:32  SCV  
  25  2:44  SCV  
  26  2:50  Starport  
  26  2:51  Orbital Command  
  26  2:56  SCV  
  27  3:05  Hellion  
  29  3:06  Hellion, Barracks Tech Lab  
  29  3:08  SCV  
  32  3:14  Liberator  
  32  3:17  SCV  
  33  3:20  SCV  
  33  3:26  Hellion  
  36  3:27  Hellion  
  36  3:29  SCV  
  36  3:32  Supply Depot, SCV  
  42  3:41  SCV  
  42  3:42  Stimpack  
  42  3:44  SCV  
  42  3:48  Hellion  
  46  3:53  Marine  
  46  3:54  Hellion  
  49  4:02  SCV  
  48  4:09  Hellion  
  45  4:10  SCV  
  45  4:11  Marine  
  45  4:18  SCV  
  45  4:23  Hellion  
  47  4:24  SCV  
  47  4:29  Marine  
  47  4:31  Hellion  
  49  4:33  SCV  
  49  4:43  Supply Depot  
  49  4:44  SCV  
  49  4:45  SCV  
  51  4:51  Command Center  
  51  4:56  SCV  
  51  4:57  Marine, SCV  
  54  5:03  Supply Depot  
  54  5:04  Factory Tech Lab  
  54  5:08  SCV  
  54  5:09  SCV  
  56  5:14  Barracks  
  56  5:17  Barracks  
  56  5:20  SCV, Starport Reactor  
  57  5:23  SCV  
  57  5:24  Marine  
  54  5:32  SCV  
  54  5:33  Engineering Bay  
  54  5:34  Engineering Bay  
  54  5:35  SCV  
  52  5:42  Marine  
  49  5:44  Siege Tank, SCV  
  49  5:45  Refinery  
  49  5:46  Refinery  
  49  5:47  SCV  
  54  5:56  SCV  
  55  5:58  Combat Shields  
  55  5:59  SCV  
  55  6:00  Marine  
  57  6:04  Barracks  
  57  6:05  Barracks  
  57  6:06  Marine x2  
  57  6:07  Starport Reactor  
  57  6:08  SCV, Terran Infantry Weapons Level 1, Terran Infantry Armor Level 1  
  61  6:11  SCV  
  61  6:13  Marine  
  61  6:16  Orbital Command  
  61  6:17  Marine x2  
  64  6:20  SCV  
  64  6:23  Marine  
  64  6:25  Siege Tank  
  69  6:28  Marine  
  69  6:31  Marine  
  69  6:32  SCV x2  
  73  6:39  Marine  
  73  6:40  Orbital Command  
  73  6:44  Supply Depot, SCV  
  73  6:45  Supply Depot, SCV  
  76  6:47  Medivac  
  76  6:48  Medivac  
  76  6:49  Supply Depot  
  76  6:51  Marine x2  
  76  6:52  Marine, Barracks Reactor  
  76  6:53  Marine, Barracks Reactor  
  84  6:56  SCV  
  85  7:06  SCV  
  85  7:07  SCV  
  85  7:08  SCV, Refinery  
  88  7:10  Marine x4, Refinery  
  88  7:12  Supply Depot, Marine  
  92  7:18  SCV, Armory  
  92  7:19  SCV  
  92  7:20  SCV  
  95  7:28  Marine x3  
  95  7:29  Siege Tank  
  101  7:30  Marine, SCV  
  101  7:31  Marine, Supply Depot, SCV  
  101  7:32  Supply Depot  
  101  7:34  Supply Depot  
  106  7:37  SCV  
  106  7:39  Marine x2  
  106  7:40  Supply Depot  
  106  7:41  Marine  
  106  7:42  SCV  
  106  7:44  Medivac  
  112  7:45  Medivac  
  112  7:49  SCV x2  
  116  7:55  Marine  
  116  7:57  Marine x3  
  120  7:58  Marine  
  120  8:00  Marine x2  
  120  8:03  Supply Depot  
  120  8:05  SCV x3  
  126  8:06  Supply Depot, Marine  
  127  8:13  Terran Infantry Weapons Level 2  
  127  8:18  Marine x5  
  123  8:21  Terran Infantry Armor Level 2  
  123  8:22  Terran Vehicle Weapons Level 1  
  123  8:25  Marine  
  124  8:29  SCV x2  
  124  8:30  Marine x3  
  124  8:33  Supply Depot  
  126  8:36  Marine  
  126  8:37  Factory  
  126  8:38  Siege Tank  
  130  8:44  Marine  
  130  8:46  Marine x2  
  132  8:53  Marine  
  132  8:54  Medivac x2  
  135  8:58  Marine x2  
  135  9:00  Sensor Tower  
  137  9:04  Marine x3  
  137  9:05  Marine x2  
  137  9:06  Marine, Command Center  
  143  9:10  Siege Tank  
  142  9:18  Supply Depot  
  142  9:19  Supply Depot  
  142  9:21  Factory Tech Lab  
  142  9:22  Marine x3, Supply Depot  
  145  9:24  Marine  
  145  9:25  Marine  
  145  9:27  Medivac x2  
  145  9:28  Marine  
  152  9:31  Marine  
  152  9:36  Marine  
  152  9:37  Marine  
  153  9:42  Siege Tank  
  153  9:45  Siege Tank  
  157  9:47  Marine  
  157  9:48  Marine x5  
  155  9:57  Medivac x2  
  155  9:59  Marine x3  
  161  10:05  Marine x3  
  161  10:06  Marine  
  166  10:10  Marine x2, Liberator x2  
  168  10:14  Siege Tank  
  168  10:17  Marine x2  
  168  10:18  Marauder  
  175  10:22  Siege Tank  
  175  10:23  Marine x3  
  182  10:32  Terran Infantry Weapons Level 3  
  178  10:41  Marine x2  
  178  10:42  Marine x3, Marauder  
  183  10:47  Siege Tank  
  183  10:49  Marine x3  
  189  10:59  Marine x3  
  189  11:03  Barracks, Marauder  
  194  11:04  Barracks  
  194  11:05  Barracks  
  194  11:15  Planetary Fortress  
  194  11:16  Marine  
  194  11:17  Marine x2  
  197  11:18  Siege Tank  
  171  11:37  Liberator x2  
  171  11:38  Siege Tank  
  149  11:41  Marine x2  
  149  11:43  Marine  
  149  11:46  Marine x4  
  143  11:47  Marine x2  
  143  11:50  Siege Tank  
  149  12:00  Marine x3  
  149  12:01  Command Center  
  152  12:03  Marine  
  152  12:04  Marine  
  152  12:06  Marine  
  152  12:07  Marine x3  
  157  12:10  Barracks Tech Lab x2, Siege Tank  
  159  12:18  Marine x3  
  163  12:22  Siege Tank  
  163  12:25  Marine x2  
  163  12:26  Marauder  
  163  12:28  Marine x3  
  170  12:31  Marine x2  
  170  12:32  Marauder  
  170  12:36  Marine x2  
  170  12:37  Medivac x2  
  180  12:42  Siege Tank  
  182  12:46  Marine x5  
  182  12:47  Marauder  
  185  12:52  Marine x3  
  185  12:53  Marine  
  163  13:02  Marine  
  161  13:06  Medivac  
  161  13:07  Medivac  
  161  13:08  Marine x3  
  168  13:17  Marine  
  157  13:21  Siege Tank  
  157  13:22  Marine x2  
  157  13:23  Marine  
  157  13:24  Marine  
  157  13:25  Marine  
  160  13:31  Marine x5, Siege Tank  
  160  13:32  Marine  
  160  13:35  Marine  
  160  13:36  Medivac x2  
  160  13:40  Marine x2  
  162  13:45  Ghost Academy  
  162  13:46  Marine  
  162  13:47  Marine  
  159  13:49  Marine x3  
  159  13:50  Marauder  
  159  13:52  Marine x2  
  165  13:57  Marine x2  
  165  14:00  Marine x2  
  146  14:04  Marine x2  
  146  14:06  Medivac x2  
  146  14:07  Marine x3  
  155  14:10  Marine  
  155  14:12  Marine x2  
  155  14:15  Marine x2  
  159  14:18  Marine  
  159  14:23  Planetary Fortress  
  158  14:25  Marine  
  158  14:27  Marine x5  
  164  14:35  Marine x2  
  164  14:36  Marauder  
  165  14:39  Siege Tank  
  165  14:40  Marine x2  
  165  14:41  Marauder  
  165  14:43  Marine  
  165  14:44  Marine  
  170  14:48  Marine x2  
  170  14:52  Marine  
  174  14:53  Marine  
  174  14:55  Siege Tank  
  174  14:57  Marauder  
  174  14:59  Marauder  
  172  15:00  Barracks Tech Lab  
  172  15:01  Medivac x2  
  172  15:02  Marauder  
  172  15:04  Marine  
Show
View Real Time Build Order
Export as new Build Order

Leenock Zerg 

Build Orders: Hatch First 

Get SALT Encoding   

  12  0:00  Drone  
  13  0:12  Overlord  
  13  0:16  Drone  
  14  0:30  Drone x2  
  14  0:34  Drone  
  17  0:50  Hatchery  
  17  0:54  Drone  
  18  0:57  Drone  
  18  1:04  Extractor  
  17  1:12  Spawning Pool  
  17  1:15  Drone  
  17  1:18  Drone  
  18  1:27  Drone  
  19  1:38  Overlord  
  19  1:59  Queen  
  19  2:00  Zergling x4  
  23  2:02  Queen  
  23  2:03  Drone  
  23  2:04  Metabolic Boost  
  26  2:11  Drone  
  26  2:14  Drone  
  28  2:21  Drone  
  29  2:24  Drone  
  30  2:33  Drone  
  30  2:36  Queen  
  32  2:38  Queen  
  32  2:42  Overlord  
  32  2:43  Drone  
  35  2:46  Drone  
  36  2:53  Overlord  
  36  3:02  Zergling x2  
  36  3:03  Zergling x2  
  38  3:08  Zergling x8  
  42  3:13  Zergling x6  
  45  3:26  Hatchery  
  44  3:29  Drone  
  44  3:30  Drone x2  
  47  3:35  Drone  
  47  3:39  Drone  
  49  3:43  Drone  
  49  3:46  Drone x2  
  52  3:50  Overlord  
  50  4:06  Drone x3  
  51  4:12  Drone x4  
  55  4:17  Drone  
  55  4:18  Drone  
  55  4:21  Overlord  
  55  4:26  Drone  
  55  4:27  Drone  
  55  4:29  Overlord  
  55  4:31  Lair  
  54  4:32  Overlord  
  54  4:34  Drone x2  
  54  4:37  Drone  
  56  4:39  Extractor  
  56  4:40  Drone  
  56  4:41  Drone, Evolution Chamber x2  
  56  4:43  Spore Crawler  
  56  4:44  Spore Crawler  
  53  4:47  Overlord  
  53  4:51  Spore Crawler  
  53  4:52  Drone x2  
  54  4:58  Drone  
  55  5:00  Drone  
  55  5:01  Drone x2, Overlord  
  55  5:04  Zergling x8  
  62  5:12  Zerg Ground Armor Level 1, Zerg Melee Weapons Level 1  
  62  5:17  Zergling x6  
  49  5:42  Drone  
  49  5:43  Drone x5  
  49  5:44  Drone x4  
  49  5:48  Drone x2  
  60  5:50  Drone  
  60  5:52  Drone  
  60  5:54  Burrow  
  62  5:58  Baneling Nest  
  62  6:00  Drone  
  62  6:06  Drone x2  
  62  6:08  Drone x3  
  62  6:09  Drone  
  62  6:10  Extractor  
  67  6:12  Drone x3  
  67  6:14  Drone  
  67  6:16  Extractor  
  67  6:17  Drone x3  
  73  6:19  Drone  
  73  6:20  Extractor  
  73  6:24  Drone  
  74  6:30  Drone  
  75  6:34  Hydralisk Den  
  75  6:37  Zergling x4  
  75  6:38  Zergling x8  
  75  6:39  Zergling x2, Hatchery  
  80  6:41  Zergling x4  
  80  6:44  Centrifical Hooks  
  80  6:46  Zergling x2  
  83  6:49  Overlord  
  83  6:56  Zergling x12  
  83  6:57  Baneling x2  
  83  6:59  Overlord  
  89  7:03  Zergling x2  
  89  7:04  Zergling x2  
  89  7:06  Zergling x4  
  89  7:07  Zergling x2  
  94  7:11  Zergling x4  
  95  7:20  Zergling x2  
  96  7:23  Zerg Ground Armor Level 2, Grooved Spines, Zerg Melee Weapons Level 2  
  96  7:27  Overlord x2  
  96  7:28  Overlord  
  96  7:37  Hydralisk x4  
  96  7:41  Drone x6  
  110  7:50  Hydralisk x3  
  116  7:52  Drone x2  
  116  7:53  Drone x2  
  116  7:54  Drone  
  116  7:56  Overlord x2  
  121  8:05  Drone x5  
  122  8:09  Baneling  
  122  8:10  Baneling  
  122  8:13  Hydralisk x4  
  129  8:20  Hydralisk x3  
  129  8:34  Overlord  
  129  8:35  Muscular Augments  
  129  8:36  Hydralisk x2  
  133  8:41  Extractor  
  133  8:43  Hydralisk  
  133  8:44  Zergling x14  
  133  8:45  Zergling x6  
  142  8:51  Zergling x2  
  142  8:52  Zergling x10  
  148  8:56  Zergling x4  
  148  8:59  Overlord x3  
  148  9:01  Infestation Pit  
  149  9:14  Zergling x4  
  149  9:16  Zergling x8  
  153  9:20  Zergling x6  
  153  9:21  Zergling x4  
  153  9:23  Zergling x6  
  153  9:24  Zergling x6  
  164  9:26  Zergling x2  
  164  9:29  Zergling x2  
  166  9:34  Zergling x4  
  166  9:35  Spire  
  159  9:40  Drone x2  
  159  9:42  Zergling x8  
  162  9:46  Zergling x4  
  162  9:49  Zergling x6  
  162  9:51  Zergling x2  
  162  9:52  Hive, Zergling x2  
  169  9:53  Zergling x8  
  169  9:58  Zergling x8  
  177  10:01  Baneling x8  
  177  10:02  Baneling  
  177  10:03  Baneling x14  
  177  10:04  Hydralisk x2  
  181  10:08  Hydralisk x4  
  181  10:12  Zergling x2  
  190  10:16  Zergling x2  
  190  10:20  Overlord  
  188  10:29  Zergling x2  
  188  10:32  Zergling x4  
  175  10:47  Hydralisk x5  
  175  10:48  Zergling x10  
  187  10:51  Zergling x4  
  187  10:52  Zergling x2  
  190  11:01  Zergling x6  
  190  11:02  Zergling x10  
  190  11:03  Baneling x5  
  197  11:04  Baneling x8  
  197  11:05  Baneling x5  
  197  11:08  Greater Spire  
  197  11:11  Extractor x2  
  195  11:16  Zergling x4  
  197  11:22  Hatchery  
  158  11:34  Zergling x2  
  158  11:35  Zergling x6  
  158  11:36  Zergling x2  
  158  11:37  Zergling x4  
  158  11:38  Zergling x2  
  142  11:40  Zergling x8  
  142  11:41  Adrenal Glands  
  142  11:42  Zerg Melee Weapons Level 3, Zerg Ground Armor Level 3  
  131  11:59  Drone x2  
  131  12:00  Drone x4  
  134  12:08  Drone x8  
  132  12:09  Drone x2  
  132  12:10  Extractor  
  132  12:11  Zergling x2  
  132  12:12  Zergling x2  
  132  12:13  Zergling x2  
  141  12:16  Corruptor x3  
  147  12:28  Zergling x6  
  147  12:29  Zergling x2  
  151  12:33  Corruptor x3  
  151  12:35  Corruptor  
  159  12:40  Drone  
  159  12:42  Extractor  
  156  12:45  Extractor  
  154  12:53  Zergling x2  
  154  12:54  Zergling x16  
  163  12:58  Zergling x6  
  163  12:59  Zergling x2  
  163  13:01  Spire  
  163  13:02  Ultralisk Cavern  
  163  13:03  Zergling x6  
  163  13:04  Zergling x2  
  166  13:06  Zergling x4  
  166  13:08  Zergling x2  
  166  13:09  Zergling x2  
  166  13:14  Zergling x2  
  166  13:17  Zergling x2  
  147  13:21  Zergling x2  
  147  13:24  Zergling x4  
  134  13:30  Zergling x10  
  134  13:31  Zergling x2  
  134  13:32  Queen  
  134  13:33  Queen  
  138  13:38  Zergling x4  
  138  13:43  Zergling x6  
  136  13:50  Zergling x6  
  133  14:00  Ultralisk x3  
  133  14:02  Zergling x8  
  133  14:04  Zergling x2, Ultralisk, Chitinous Plating  
  133  14:05  Zergling x6  
  133  14:07  Baneling x8  
  133  14:08  Zergling x2  
  144  14:10  Zergling x2  
  144  14:13  Zergling x2  
  144  14:15  Zergling x4  
  148  14:17  Zergling x2  
  148  14:24  Zergling x8  
  129  14:50  Hatchery  
  126  15:02  Zergling x4  
  126  15:03  Zergling x18  
Tags
 
Add a new tag
Caveats
  • Supply blocks, unpowered buildings, or Contaminate may cause inaccurate times.
  • Supply counts are checked every 10 seconds.